 Dungeon Crawl Stone Soup version 0.18.1-5-g4a78601 (webtiles) character file.

105 epen the Insei (level 4, -3/24 HPs)
             Began as a Vine Stalker Monk on May 13, 2016.
             Slain by an orc priest
             ... wielding a +0 hand axe
              (4 damage)
             ... on level 3 of the Dungeon.
             The game lasted 00:03:41 (1748 turns).

epen the Insei (Vine Stalker Monk)                  Turns: 1748, Time: 00:03:42

Health: -3/24      AC:  3    Str: 14    XL:     4   Next: 81%
Magic:  0/5        EV: 13    Int: 10    God:
Gold:   77         SH:  4    Dex: 17    Spells: 0 memorised, 3 levels left

rFire  . . .     SeeInvis .       - Unarmed
rCold  . . .     Gourm    .     a - +0 robe
rNeg   . . .     Faith    .     d - +0 buckler
rPois  .         Spirit   +     (no helmet)
rElec  .         Dismiss  .     (no cloak)
rCorr  .         Reflect  .     (no gloves)
SustAt .         Harm     .     q - +0 pair of boots (curse)
MR     .....                    (no amulet)
Stlth  ++........               (no ring)
                                (no ring)

@: not resistant to hostile enchantments, unstealthy
A: fangs 2, regeneration 1, magic shield, antimagic bite, no device heal 3, rot
immunity
a: no special abilities


You were on level 3 of the Dungeon.
You were not hungry.

You visited 1 branch of the dungeon, and saw 3 of its levels.

You collected 77 gold pieces.

Inventory:

Armour
 a - a +0 robe (worn)
 d - a +0 buckler (worn)
 q - a cursed +0 pair of boots (worn)
Scrolls
 c - 3 scrolls of remove curse {unknown}
 e - 2 scrolls of identify {unknown}
 g - 2 scrolls of fog {unknown}
 p - a scroll of random uselessness {unknown}
Potions
 f - a potion of berserk rage {unknown}
 h - 2 potions of curing {unknown}
 i - a potion of haste {unknown}
 k - 2 potions of heal wounds
 m - a potion of cancellation {unknown}
 n - a potion of flight {unknown}
Comestibles
 b - a bread ration
 j - 2 meat rations
 l - a slice of pizza


   Skills:
 + Level 3.0 Fighting
 + Level 1.0 Armour
 * Level 3.0 Dodging
 + Level 2.7 Stealth
 + Level 0.6 Shields
 * Level 4.7 Unarmed Combat


You had 3 spell levels left.
You didn't know any spells.

Dungeon Overview and Level Annotations

Branches:
Dungeon (3/15)

Altars:


Innate Abilities, Weirdness & Mutations

You have extremely sharp teeth.
Your natural rate of healing is unusually fast.
When hurt, damage is shared between your health and your magic reserves.
Your bite disrupts and absorbs the magic of your enemies.
Potions and wands cannot restore your health.
You are immune to rotting.


Message History

You feel invigorated.
You kill the orc!
You hit the orc priest. You bite the orc priest. You drain its power.
You feel invigorated.
The orc priest is moderately wounded.
The orc priest mumbles some strange prayers to Beogh against you.
Beogh smites you!
* * * LOW HITPOINT WARNING * * *
You are too injured to fight recklessly!
You completely miss the orc priest. Your bite misses the orc priest.
The orc priest is moderately wounded.
The orc priest hits you with a hand axe.
* * * LOW HITPOINT WARNING * * *
Drink which item? (? for menu, Esc to quit)
It was a potion of heal wounds.
That seemed strangely inert.
The orc priest hits you but does no damage.
You hit the orc priest. Your bite misses the orc priest.
The orc priest is heavily wounded.
The orc priest hits you with a hand axe.
You die...

....#.....####
#..#.....#..
######..###.##.#
#.............##
#.#............#
#.#.###.#####.#..#
##.....#.# #.# .#
###>...#.#.# #.# #
...........# #@#
###....#.#### #o#
##.....# .# #.#
#.#.###.# ##.#
####.#†##.#.......
.................#
#.##.#####..######
#.##.# # #.##.#


You could see an orc priest.

Vanquished Creatures
  Jessica (D:2)
  2 adders (D:3)
  A worm (D:1)
  A dart slug (D:1)
  3 giant geckos
  3 orcs (D:3)
  A ball python (D:3)
  5 bats
  2 giant cockroaches
  3 goblins
  5 hobgoblins
  6 jackals
  5 giant newts
  5 kobolds (D:1)
  7 rats
50 creatures vanquished.

Notes
Turn   | Place    | Note
--------------------------------------------------------------
     0 | D:1      | epen the Vine Stalker Monk began the quest for the Orb.
     0 | D:1      | Reached XP level 1. HP: 11/11 MP: 2/2
    62 | D:1      | Reached XP level 2. HP: 16/16 MP: 3/3
   478 | D:1      | Reached XP level 3. HP: 19/19 MP: 4/4
  1042 | D:2      | Noticed Jessica
  1049 | D:2      | Killed Jessica
  1049 | D:2      | Reached skill level 1 in Armour
  1049 | D:2      | Reached XP level 4. HP: 24/24 MP: 5/5
  1746 | D:3      | HP: 1/24 [orc priest/hand axe (5)]
  1748 | D:3      | Slain by an orc priest

Skill      XL: |  1  2  3 |
---------------+----------+-----
Fighting       | 3 |  3.0
Armour         | 1 |  1.0
Dodging        | 3 |  3.0
Stealth        | |  2.7
Shields        | |  0.6
Unarmed Combat | |  4.7

Action                   |  1- 3 |  4- 6 || total
-------------------------+-------+-------++-------
Melee: Unarmed           |   104 |    59 ||   163
       Bite              |    19 |    13 ||    32
  Use: Potion            |       |     1 ||     1
 Stab: Sleeping          |     4 |     3 ||     7
  Eat: Chunk             |       |     3 ||     3
Armor: Robe              |    17 |     1 ||    18
Dodge: Dodged            |    55 |    29 ||    84
Block: Buckler           |     9 |     5 ||    14
